 Dungeon Crawl Stone Soup version 0.25.1-2-g60ff931df9 (webtiles) character file.

Game seed: 9105204543516196729

11848 DogServant the Zephyrmancer (level 11, -4/96 HPs)
             Began as a Tengu Air Elementalist on Oct 20, 2020.
             Slain by an ice beast (13 damage)
             ... summoned by Fannar
             ... on level 10 of the Dungeon.
             The game lasted 00:48:44 (16226 turns).

DogServant the Zephyrmancer (TeAE)                 Turns: 16226, Time: 00:48:45

Health: -4/96      AC:  5    Str:  9    XL:     11   Next: 84%
Magic:  8/22       EV: 17    Int: 20    God:
Gold:   504        SH:  6    Dex: 15    Spells: 4/24 levels left

rFire    . . .     SeeInvis .   E - +1 dagger of Propriety {venom, rElec rF- rN+ Int+2}
rCold    . . .     Gourm    .   w - +1 buckler
rNeg     + + .     Faith    .   B - +1 leather armour {rPois}
rPois    +         Spirit   .   (helmet restricted)
rElec    +         Reflect  .   (no cloak)
rCorr    .         Harm     .   q - +0 pair of gloves
MR       +++..     Clarity  +   (boots unavailable)
Stlth    ..........             x - amulet of the Four Winds {rN+ MR+++ Clar}
HPRegen  0.26/turn              A - +4 ring of evasion
MPRegen  0.18/turn              p - ring of protection from fire

@: berserking, studying Fighting, very quick
A: beak, talons 3, able to fly
a: Fly


You were on level 10 of the Dungeon.
You were not hungry.

You visited 1 branch of the dungeon, and saw 11 of its levels.

You collected 686 gold pieces.
You spent 182 gold pieces at shops.

Inventory:

Hand Weapons
 s - a +1 falchion of holy wrath
 E - the +1 dagger of Propriety (weapon) {venom, rElec rF- rN+ Int+2}
   (You bought it in a shop on level 5 of the Dungeon)

   It poisons the flesh of those it strikes.
   It affects your intelligence (+2).
   It makes you vulnerable to fire.
   It insulates you from electricity.
   It protects you from negative energy.
Missiles
 h - 4 curare-tipped darts (quivered)
 G - 24 poisoned darts
Armour
 q - a +0 pair of gloves (worn)
 w - a +1 buckler (worn)
 B - a +1 leather armour of poison resistance (worn)
 I - a +2 robe of resistance
 L - a +2 robe of magic resistance
Jewellery
 p - a ring of protection from fire (right hand)
 x - the amulet of the Four Winds (around neck) {rN+ MR+++ Clar}
   (You found it on level 7 of the Dungeon)

   [amulet of nothing]

   It protects you from negative energy.
   It affects your resistance to hostile enchantments.
   It protects you against confusion.
 y - an uncursed amulet of magic regeneration
 A - a +4 ring of evasion (left hand)
 N - a +4 ring of evasion
 P - an uncursed ring of protection from magic
Wands
 m - a wand of flame (14)
 r - a wand of digging (7)
 H - a wand of enslavement (8)
 J - a wand of paralysis (7)
 O - a wand of disintegration (15)
Scrolls
 a - 4 scrolls of identify
 d - 4 scrolls of remove curse
 k - 3 scrolls of teleportation
 l - 4 scrolls of enchant weapon {unknown}
 u - a scroll of enchant armour
 C - a scroll of blinking {unknown}
 F - 2 scrolls of amnesia {unknown}
Potions
 b - a potion of flight {unknown}
 e - a potion of brilliance
 f - 3 potions of magic
 g - a potion of mutation
 i - a potion of resistance {unknown}
 j - 3 potions of berserk rage
 n - 4 potions of heal wounds
 o - 4 potions of stabbing
 t - a potion of cancellation
 v - 3 potions of might {unknown}
 z - a potion of lignification
 D - 4 potions of curing {unknown}
 M - a potion of invisibility
Books
 K - a manual of Fighting
Comestibles
 c - 7 rations
 Q - 8 chunks of flesh


   Skills:
 + Level 5.5 Fighting
 - Level 7.6 Short Blades
 - Level 2.0 Armour
 - Level 4.0 Dodging
 - Level 2.0 Stealth
 - Level 4.0 Shields
 - Level 7.0 Spellcasting
 - Level 8.4 Conjurations
 + Level 0.9 Hexes
 + Level 1.0 Transmutations
 - Level 14.3 Air Magic
 - Level 3.0 Evocations


You had 4 spell levels left.
You knew the following spells:

 Your Spells              Type           Power        Failure   Level  Hunger
a - Shock                 Conj/Air       ####         1%          1    None
b - Static Discharge      Conj/Air       ######..     1%          3    #......
c - Airstrike             Air            ######....   1%          4    ###....
d - Swiftness             Chrm/Air       #####...     1%          2    None
e - Dazzling Flash        Conj/Hex       ####..       5%          3    #......
f - Sticks to Snakes      Tmut           ##......     13%         2    None
g - Lightning Bolt        Conj/Air       ######....   3%          5    #####..

Your spell library contained the following spells:

 Spells                   Type           Power        Failure   Level  Hunger
 Foxfire                  Conj/Fire      ###.         2%          1    None
 Conjure Flame            Conj/Fire      ###.....     7%          3    #......
 Beastly Appendage        Tmut           ##....       9%          1    None
 Corona                   Hex            ##.....      9%          1    None
 Animate Skeleton         Necr           N/A          13%         1    None
 Apportation              Tloc           #.....       13%         1    None
 Pain                     Necr           #...         13%         1    None
 Summon Small Mammal      Summ           #...         13%         1    None
 Ensorcelled Hibernation  Hex/Ice        #.....       16%         2    None
 Sticky Flame             Conj/Fire      ###.....     22%         4    ###....
 Confusing Touch          Hex            ##......     26%         3    #......
 Tukima's Dance           Hex            ##......     26%         3    #......
 Spider Form              Tmut/Pois      #.........   30%         3    #......
 Inner Flame              Hex/Fire       #.......     32%         3    #......
 Vampiric Draining        Necr           #.........   36%         3    #......
 Ice Form                 Ice/Tmut       #.......     71%         4    ###....
 Animate Dead             Necr           N/A          77%         4    ###....
 Fireball                 Conj/Fire      ###.......   54%         5    #####..
 Blade Hands              Tmut           ##........   93%         5    #####..
 Agony                    Necr           #.......     98%         5    #####..


Dungeon Overview and Level Annotations

Branches:
Dungeon (11/15)
 Temple: D:4-7         Lair: D:8-11         Orc: D:9-12

Altars:
Ashenzari
Dithmenos
Elyvilon
Fedhas
Gozag
Hepliaklqana
Qazlal
Vehumet
Wu Jian
Xom
Yredelemnul
Zin

Shops:
D:5 (

Annotations:
D:2 1 runed translucent door, Crazy Yiuf
D:4 Eustachio
D:10 Fannar


Innate Abilities, Weirdness & Mutations

You have a beak for a mouth.
You have claws for feet.
You can fly continuously.


Message History

Fannar hits you with an uncursed staff of cold.
Fannar freezes you!
You closely miss Fannar.
Fannar is severely wounded.
You hit Fannar.
Fannar looks as sick as possible!
Your peck misses Fannar.
Fannar is severely wounded.
The ice beast misses you.
You miss Fannar. Your kick misses Fannar. You peck Fannar.
Fannar is almost dead.
Fannar casts a spell at you. The bolt of cold hits you!!
* * * LOW HITPOINT WARNING * * *
You barely miss Fannar.
Fannar is almost dead.
You hit Fannar.
Fannar looks as sick as possible!
Fannar is almost dead.
The ice beast hits you.
* * * LOW HITPOINT WARNING * * *
The ice beast freezes you!
You die...

♣.♣♣
#.......###...(.....######
♣♣.♣♣
#.........#.........#
♣...♣
#.........#.).......#
....♣
#.........#.........#
....♣
#.........####'######
♣.♣♣♣ #.........##...# ♣)♣
#..........[.### ♣)♣
#........eY### ♣.♣
#........@## ♣.♣
#.....)...# ######### .♣♣
##.........# #........ ♣♣
###..........# #.#######
#####....######### #.#...#
.........# #.#.#.#
########## #.#.#.###
#.#.#.... #.#.#####


You could see Fannar (icy armour, extremely poisoned) and an ice beast
(summoned).

Vanquished Creatures
  Harold (D:7)
  3 two-headed ogres
  Nergalle (D:10)
  Pikel (D:9)
  Psyche (D:9)
  A komodo dragon (D:6)
  A dream sheep (D:10)
  A hippogriff (D:9)
  7 spriggans (D:10)
  A wyvern (D:10)
  Grum (D:10)
  A hungry ghost (D:9)
  2 black bears (D:10)
  2 orc warriors
  2 ice beasts
  2 necrophages
  2 phantoms
  9 ogres
  4 wolves
  3 centaurs
  5 bullfrogs
  10 big kobolds
  A gnoll sergeant (D:10)
  A wyvern skeleton (D:10)
  A jelly (D:10)
  2 scorpions
  A water moccasin skeleton (D:6)
  8 wights
  2 howler monkeys
  4 crimson imps
  2 bullfrog zombies
  4 quasits
  6 orc priests
  2 hounds
  11 orc wizards
  4 centaur skeletons
  Jessica (D:2)
  Natasha (thrice) (D:2)
  Terence (D:3)
  3 iguanas (D:5)
  8 worker ants
  2 howler monkey zombies (D:6)
  A worker ant zombie (D:10)
  11 adders
  16 gnolls
  3 shadow imps
  4 oozes
  2 adder zombies (D:5)
  An adder skeleton (D:5)
  5 worms
  A dart slug (D:2)
  10 leopard geckos
  39 orcs
  6 giant cockroaches
  8 goblins
  5 hobgoblins
  12 jackals
  13 kobolds
  7 quokkas
  5 ball pythons
  5 bats
  5 frilled lizards
  A leopard gecko skeleton (D:7)
  2 quokka zombies
  8 rats
298 creatures vanquished.

Vanquished Creatures (others)
  A kobold demonologist (D:9)
  3 slaves (D:9)
  3 kobolds (D:9)
  9 fungi (D:10)
  6 plants (D:10)
22 creatures vanquished.

Grand Total: 320 creatures vanquished

Notes
Turn   | Place    | Note
-------+----------+-------------------------------------------
     0 | D:1      | DogServant the Tengu Air Elementalist began the quest for
                  | the Orb.
     0 | D:1      | Reached XP level 1. HP: 10/10 MP: 4/4
   148 | D:1      | Reached XP level 2. HP: 15/15 MP: 3/6
   488 | D:1      | Reached XP level 3. HP: 10/19 MP: 1/7
  1235 | D:2      | Found a shadowy altar of Dithmenos.
  1358 | D:2      | Reached skill level 5 in Air Magic
  1435 | D:2      | Noticed Jessica
  1437 | D:2      | Noticed Natasha
  1446 | D:2      | Killed Natasha
  1446 | D:2      | Reached XP level 4. HP: 10/24 MP: 1/8
  1504 | D:2      | Noticed Natasha
  1614 | D:2      | Killed Jessica
  1708 | D:2      | Gained mutation: You can fly continuously. [Tengu growth]
  1708 | D:2      | Reached XP level 5. HP: 27/28 MP: 0/9
  1752 | D:2      | Reached skill level 6 in Air Magic
  1912 | D:2      | Killed Natasha
  1966 | D:2      | Learned a level 3 spell: Static Discharge
  1971 | D:2      | Learned a level 4 spell: Airstrike
  2121 | D:2      | Reached skill level 5 in Conjurations
  2207 | D:2      | Reached skill level 1 in Fighting
  2279 | D:2      | Reached XP level 6. HP: 20/34 MP: 0/10
  3075 | D:2      | Noticed Natasha
  3086 | D:2      | Killed Natasha
  3308 | D:2      | Found a runed translucent door.
  3309 | D:2      | Noticed Crazy Yiuf
  3595 | D:2      | Found a shadowy altar of Dithmenos.
  3684 | D:2      | Found a runed translucent door.
  4008 | D:3      | Found a radiant altar of Vehumet.
  4017 | D:3      | Noticed Terence
  4058 | D:3      | Killed Terence
  4058 | D:3      | Reached skill level 7 in Air Magic
  4737 | D:3      | Found an opulent altar of Gozag.
  4738 | D:3      | Found a glowing silver altar of Zin.
  5202 | D:4      | Found a hazy altar of Hepliaklqana.
  5331 | D:4      | Reached XP level 7. HP: 38/40 MP: 1/11
  5335 | D:4      | Reached skill level 1 in Shields
  6003 | D:4      | Noticed Eustachio
  6024 | D:5      | Entered Level 5 of the Dungeon
  6123 | D:5      | Found Fisset's Antique Weapon Shoppe.
  6608 | D:5      | Reached XP level 8. HP: 46/46 MP: 1/15
  6951 | D:5      | Reached skill level 1 in Evocations
  7606 | D:5      | Found a white marble altar of Elyvilon.
  7606 | D:5      | Found a shimmering altar of Xom.
  7607 | D:5      | Found a stormy altar of Qazlal.
  7946 | D:6      | Reached skill level 8 in Air Magic
  8220 | D:5      | Bought an iridescent dagger for 182 gold pieces
  8220 | D:5      | Identified the cursed +1 dagger of Propriety {venom, rElec
                  | rF- rN+ Int+2} (You bought it in a shop on level 5 of the
                  | Dungeon)
  8227 | D:5      | Learned a level 2 spell: Swiftness
  8231 | D:5      | Learned a level 3 spell: Dazzling Flash
  8234 | D:5      | Learned a level 2 spell: Sticks to Snakes
  8491 | D:6      | Found a basalt altar of Yredelemnul.
  8504 | D:6      | Reached XP level 9. HP: 52/52 MP: 2/16
  8759 | D:6      | Noticed a komodo dragon
  8802 | D:7      | Found a shattered altar of Ashenzari.
  8840 | D:7      | Reached skill level 1 in Armour
  8999 | D:7      | Found the amulet of the Four Winds {rN+ MR+++ Clar}
  9033 | D:7      | Reached skill level 5 in Fighting
  9086 | D:7      | Found a blossoming altar of Fedhas.
  9226 | D:7      | Reached skill level 9 in Air Magic
  9379 | D:7      | Noticed Harold
  9393 | D:7      | Killed Harold
  9393 | D:7      | Reached skill level 5 in Spellcasting
  9434 | D:7      | Reached skill level 10 in Air Magic
 10058 | D:8      | Noticed a two-headed ogre
 10088 | D:8      | Reached XP level 10. HP: 51/59 MP: 9/18
 11039 | D:9      | Noticed a two-headed ogre
 11055 | D:9      | Killed a two-headed ogre
 11055 | D:9      | Reached skill level 11 in Air Magic
 11283 | D:9      | Noticed a two-headed ogre
 11402 | D:9      | Noticed Pikel
 11406 | D:9      | Killed Pikel
 11456 | D:9      | Killed a kobold demonologist
 11712 | D:9      | Learned a level 5 spell: Lightning Bolt
 11751 | D:9      | Reached skill level 1 in Short Blades
 12162 | D:8      | Reached skill level 12 in Air Magic
 12404 | D:8      | Killed a two-headed ogre
 12926 | D:9      | Killed a two-headed ogre
 12926 | D:9      | Reached XP level 11. HP: 59/63 MP: 0/22
 13037 | D:9      | Reached skill level 13 in Air Magic
 13342 | D:9      | Reached skill level 5 in Short Blades
 13491 | D:9      | Found an ornate altar of the Wu Jian Council.
 13795 | D:9      | Noticed Psyche
 13798 | D:9      | Killed Psyche
 13922 | D:10     | Entered Level 10 of the Dungeon
 13922 | D:10     | Noticed Grum
 14115 | D:10     | Noticed Nergalle
 14137 | D:10     | Killed Nergalle
 14686 | D:10     | Noticed a three-headed hydra
 14933 | D:10     | Reached skill level 14 in Air Magic
 15326 | D:11     | HP: 1/63 [bullfrog (6)]
 15374 | D:11     | Noticed a cyclops
 15613 | D:10     | Noticed Fannar
 15990 | D:10     | Killed Grum
 16106 | D:10     | Reached skill level 1 in Transmutations
 16226 | D:10     | Slain by an ice beast

Illustrated notes

Levels and vault maps discovered:
D:1:      dpeg_arrival_rooms_a, layout_rooms
D:2:      layout_loops_ring, grunt_dithmenos_smoke_and_mirrors, uniq_natasha,
          uniq_crazy_yiuf_cottage, uniq_jessica
D:3:      layout_basic, grunt_temple_overflow_gold_and_silver, vehumet_crystals,
          uniq_terence
D:4:      layout_loops_ring, kennysheep_mini, temple_statues, first_ration,
          uniq_eustachio, uniq_grinder
D:5:      layout_basic, gammafunk_temple_overflow_claw, serial_shops,
          nicolae_shop_stone
D:6:      layout_basic, basic_altar, minmay_small_thing
D:7:      layout_loops_ring, cheibrodos_ashenzari_chains, fedhas_altar_3,
          uniq_harold
D:8:      layout_basic
D:9:      layout_roguey, marbit_many_paths, special_room [special_room_kobold],
          uniq_psyche, uniq_pikel
D:10:     kb_forest_paths, layout_basic, grunt_lair_entry_orc_guard_hut,
          orc_0_dummy, hangedman_ranch [blue_anna_fruit_fields], uniq_nergalle,
          uniq_grum, uniq_fannar
D:11:     layout_rooms, basic_altar, gammafunk_ghost_wrathful_warriors,
          minivault_28

Skill      XL: |  1  2  3  4  5  6  7  8  9 10 11 |
---------------+----------------------------------+-----
Conjurations   | 2 3 4 5 8 |  8.4
Air Magic      | 5 6 7 8 10 12 14 | 14.3
Fighting       | 1 2 3 4 5 |  5.5
Shields        | 3 4 |  4.0
Spellcasting   | 4 5 7 |  7.0
Evocations     | 3 |  3.0
Armour         | 2 |  2.0
Dodging        | 3 4 |  4.0
Short Blades   | 4 7 |  7.6
Transmutations | 1 |  1.0
Stealth        | |  2.0
Hexes          | |  0.9

Action                   |  1- 3 |  4- 6 |  7- 9 | 10-12 || total
-------------------------+-------+-------+-------+-------++-------
Melee: Short sword       |     8 |     7 |       |       ||    15
       Kick              |     3 |     1 |     3 |    39 ||    46
       Peck              |     2 |     2 |     3 |    28 ||    35
       Dagger            |       |    16 |    18 |   135 ||   169
       Falchion          |       |       |       |    33 ||    33
Throw: Dart              |       |       |       |     4 ||     4
 Cast: Shock             |    54 |   125 |   202 |   125 ||   506
       Static Discharge  |       |     3 |     1 |    11 ||    15
       Airstrike         |       |     3 |    62 |    86 ||   151
       Lightning Bolt    |       |       |       |    19 ||    19
       Dazzling Flash    |       |       |       |     1 ||     1
  Use: Potion            |       |     1 |     1 |     5 ||     7
       Scroll            |       |       |    15 |     4 ||    19
  Eat: Chunk             |     2 |    11 |    17 |    19 ||    49
       Ration            |       |     1 |     3 |     5 ||     9
Armor: Robe              |       |    13 |     5 |       ||    18
       Skin              |       |     8 |       |       ||     8
       Leather armour    |       |       |     2 |    38 ||    40
Dodge: Dodged            |     7 |    37 |    33 |   171 ||   248
Block: Buckler           |       |       |    10 |    75 ||    85
       Rpst.: Falchion   |       |       |       |    15 ||    15
